 Dungeon Crawl Stone Soup version 0.26.1-11-gd32895ea62 (webtiles) character file.

Game seed: 3640763307564121992

44 melloss the Sneak (level 3, -1/16 HPs)
             Began as a Spriggan Enchanter on May 27, 2021.
             Slain by an adder (2 damage)
             ... on level 2 of the Dungeon.
             The game lasted 00:07:05 (1754 turns).

melloss the Sneak (Spriggan Enchanter)              Turns: 1754, Time: 00:07:06

Health: -1/16      AC:  2    Str:  4    XL:     3   Next: 39%
Magic:  18/18      EV: 18    Int: 17    God:
Gold:   73         SH:  0    Dex: 16    Spells: 6/9 levels left

rFire    x . .     SeeInvis +   a - +1 dagger
rCold    + . .     Faith    .   (shield restricted)
rNeg     . . .     Spirit   .   b - +0 robe
rPois    .         Reflect  .   (helmet restricted)
rElec    .         Harm     .   (no cloak)
rCorr    .         Rampage  .   (gloves unavailable)
Will     .....                  (boots unavailable)
Stlth    +++.......             (no amulet)
HPRegen  0.05/turn              i - ring of ice
MPRegen  0.16/turn              j - ring of magical power

@: lethally poisoned (-1 -> -3), very quick
A: very small, unfitting armour, see invisible, speed 3
a: no special abilities


You were on level 2 of the Dungeon.
You visited 1 branch of the dungeon, and saw 2 of its levels.

You collected 73 gold pieces.

Inventory:

Hand Weapons
 a - a +1 dagger (weapon)
Armour
 b - a +0 robe (worn)
 h - a +0 buckler
Jewellery
 i - a ring of ice (left hand)
 j - a ring of magical power (right hand)
Scrolls
 e - 2 scrolls of enchant weapon {unknown}
 f - 2 scrolls of identify {unknown}
 k - a scroll of amnesia {unknown}
Potions
 d - a potion of curing {unknown}
 g - a potion of haste {unknown}


   Skills:
 + Level 2.7 Short Blades
 - Level 3.0 Dodging
 - Level 4.4 Stealth
 + Level 3.9 Spellcasting
 - Level 3.6 Hexes


You had 6 spell levels left.
You knew the following spells:

 Your Spells              Type           Power        Failure   Level
a - Corona                Hex            16%          3%          1
b - Ensorcelled Hibernat  Hex/Ice        28%          12%         2

Your spell library contained the following spells:

 Spells                   Type           Power        Failure   Level
 Confusing Touch          Hex            15%          11%         3
 Tukima's Dance           Hex            15%          11%         3
 Dazzling Flash           Conj/Hex       18%          22%         3


Dungeon Overview and Level Annotations

Branches:
Dungeon (2/15)

Altars:


Innate Abilities, Weirdness & Mutations

You are very small and have problems with some larger weapons.
You are too small for most types of armour.
You have supernaturally acute eyesight. (SInv)
You cover ground extremely quickly.


Message History

The adder is severely wounded.
The adder misses you.
You hit the adder but do no damage.
The adder is severely wounded.
The adder completely misses you. x2
You barely miss the adder.
The adder is severely wounded.
The adder bites you.
You miss the adder.
The adder is severely wounded.
The adder closely misses you.
You miss the adder.
The adder is severely wounded.
You feel sick. The adder closely misses you.
You miss the adder.
The adder is severely wounded.
The adder bites you.
* * * LOW HITPOINT WARNING * * *
It was a potion of magic.
Magic courses through your body. The adder bites you.
You die...

#. #. #. #. #.
#.
######.#######.#
.......S@......#
P.P.......P....#
P..♣♣♣..P♣♣♣...#
♣..P♣ . ♣...♣
P..# ♣♣P.P♣♣
♣...♣ ..$#
..P.... P.......
P..# ......
.......... ...#
....P.
.....PP.....
P..# ♣...♣ ♣..P♣
..


You could see an adder.

Vanquished Creatures
  An adder (D:2)
  A worm (D:2)
  A dart slug (D:1)
  A leopard gecko (D:2)
  A giant cockroach (D:1)
  3 goblins (D:1)
  2 hobgoblins
  A jackal (D:1)
  2 kobolds
  A quokka (D:2)
  A ball python (D:2)
  6 bats
  3 frilled lizards
  7 rats
31 creatures vanquished.

Vanquished Creatures (others)
  42 plants (D:2)
42 creatures vanquished.

Grand Total: 73 creatures vanquished

Notes
Turn   | Place    | Note
-------+----------+-------------------------------------------
     0 | D:1      | melloss the Spriggan Enchanter began the quest for the Orb.
     0 | D:1      | Reached XP level 1. HP: 9/9 MP: 5/5
   649 | D:1      | Reached XP level 2. HP: 11/13 MP: 7/7
   808 | D:1      | Learned a level 2 spell: Ensorcelled Hibernation
  1509 | D:2      | Reached XP level 3. HP: 15/16 MP: 9/9
  1754 | D:2      | Slain by an adder

Illustrated notes

Levels and vault maps discovered:
D:1:      nzn_arrival_depleted_hourglass, layout_loops_cross,
          minmay_misc_feat_alley, serial_bayou_pond_b
D:2:      layout_loops_ring, kennysheep_boxes

Skill      XL: |  1  2 |
---------------+-------+-----
Spellcasting   | 3 |  3.9
Short Blades   | 2 |  2.7
Dodging        | |  3.0
Stealth        | |  4.4
Hexes          | |  3.6

Action                   || total
-------------------------++-------
Melee: Dagger            ||   136
 Cast: Ensorcelled Hiber ||     9
  Use: Potion            ||     1
 Stab: Sleeping          ||     8
       Distracted        ||     1
Armor: Robe              ||    14
Dodge: Dodged            ||   146
